 Dungeon Crawl Stone Soup version 0.30-a0-743-gbfdf073431 (webtiles) character file.

Game seed: 8305790285437826577

4 sokol815 the Sneak (level 1, -1/18 HPs)
             Began as a Demigod Delver on Feb 6, 2023.
             Slain by an ufetubus (4 damage)
             ... on level 4 of the Dungeon.
             The game lasted 00:01:33 (157 turns).

sokol815 the Sneak (Demigod Delver)                  Turns: 157, Time: 00:01:34

Health: -1/18      AC:  3    Str: 13    XL:     1   Next: 40%
Magic:  3/3        EV: 12    Int: 12    God:
Gold:   0          SH:  0    Dex: 15    Spells: 0/0 levels left

rFire   . . .      SeeInvis .    a - +0 short sword
rCold   . . .      Faith    .    (no shield)
rNeg    . . .      Spirit   .    b - +0 leather armour
rPois   .          Reflect  .    (no helmet)
rElec   .          Harm     .    (no cloak)
rCorr   .          Rampage  .    (no gloves)
Will    .....                    (no boots)
Stlth   +++                      (no amulet)
HPRegen 0.23/turn                (no ring)
MPRegen 0.08/turn                (no ring)

@: hasted, very quick
A: high MP 1, forlorn, divine attributes
a: no special abilities


You were on level 4 of the Dungeon.
You visited 1 branch of the dungeon, and saw 2 of its levels.

Inventory:

Hand Weapons
 a - a +0 short sword (weapon)
Armour
 b - a +0 leather armour (worn)
Wands
 d - a wand of digging (3)
Scrolls
 c - a scroll of fog
 E - a scroll of fear


   Skills:
 + Level 2.7 Fighting
 * Level 1.9 Short Blades
 + Level 1.8 Dodging
 + Level 4.5 Stealth


You couldn't memorise any spells.
You didn't know any spells.
Your spell library was empty.

Dungeon Overview and Level Annotations

Branches:
Dungeon (5/15) Zot: 11857
 Temple: D:4-7

Annotations:
D:5 Duvessa, Grinder


Innate Abilities, Weirdness & Mutations

You have an increased reservoir of magic. (+10% MP)
You shall have no god before yourself.
Your divine heritage dramatically boosts your attributes as you level up.


Message History

Bad channel name for runrest: 'Jiyva says: Divide and consume' Welcome, sokol815 the Demigod Delver.
Everyone else who sought the Orb of Zot has failed.
Will you be different?
Found a stone staircase leading down.
Setting a skill training target for Short Blades at 10.0.
You swing at nothing.
You swing at nothing.
Unknown command.
A phantom comes into view.
Found a stone staircase leading down.
A jackal comes into view.
There is a stone staircase leading down here. 2 jackals come into view.
The helpless jackal fails to defend itself.
You puncture the jackal!
You kill the jackal!
The jackal barks! x2
You miss the jackal. The jackal misses you.
You closely miss the jackal. The jackal bites you.
You take 1 damage, and have 17/18 hp.
You hit the jackal but do no damage. The jackal closely misses you.
The jackal bites you.
You take 3 damage, and have 14/18 hp.
You barely miss the jackal.
The jackal bites you but does no damage.
You hit the jackal. The jackal barely misses you.
You barely miss the jackal.
The jackal bites you but does no damage.
You barely miss the jackal. The jackal barely misses you.
The jackal bites you but does no damage.
You hit the jackal.
You kill the jackal!
The jackal barely misses you.
You closely miss the jackal. The jackal bites you.
You take 1 damage, and have 14/18 hp.
You barely miss the jackal. The jackal closely misses you.
You hit the jackal but do no damage. The jackal closely misses you.
You hit the jackal. The jackal closely misses you. The jackal bites you.
You take 1 damage, and have 14/18 hp.
You miss the jackal.
The jackal bites you but does no damage.
You hit the jackal.
You kill the jackal!
You swing at nothing.
Health restored: 18 Duvessa, Sister of Dowan comes into view.
She is wielding a +0 rapier.
Grinder and a hound come into view.
Really read
X - a scroll of magic mapping {@r4!r}?
As you read the scroll of magic mapping {@r4!r}, it crumbles to dust.
You feel aware of your surroundings.
You sensed 5 altars.
A scorpion comes into view.
You feel yourself speed up.
You see here a jackal corpse.
A scorpion comes into view.
Found a stone staircase leading up.
The scorpion stings you but does no damage.
There is a stone staircase leading up here.
You can't go down here!
You climb upwards.
The hobgoblin shouts!
The orc shouts! x3; The ufetubus shouts!
Found three items.
Found a stone staircase leading up.
There is a stone staircase leading down here.
The centaur shouts!
The centaur wields a +0 shortbow.
The centaur shoots an arrow.
The arrow hits you!
Ouch! That really hurt!
* * * LOW HITPOINT WARNING * * *
You take 15 damage, and have 3/18 hp.
MASSIVE DAMAGE!!
The ufetubus misses you. The ufetubus hits you.
You die...

...≈≈.. .. ..
≈...≈≈..$#.# ...
..≈.....#..##c.
......#.?....##
≈.≈.≈.........##
≈...≈..........#
.≈.≈...........#
.≈.≈.≈.........#
≈..g≈≈.@5......#
.....≈.<.......#
..≈..#........##
≈.≈. #...o.....#
≈.≈ #......"..#
≈. #...oo....# .
#..o......#
#.........


You could see a centaur, 4 orcs, an ufetubus and a hobgoblin.

Vanquished Creatures
  3 jackals (D:5)
3 creatures vanquished.

Notes
Turn   | Place    | Note
-------+----------+-------------------------------------------
     0 | D:5      | sokol815 the Demigod Delver began the quest for the Orb.
     0 | D:5      | Reached XP level 1. HP: 18/18 MP: 3/3
    34 | D:5      | Noticed a phantom
    84 | D:5      | Noticed Duvessa
    99 | D:5      | Noticed Grinder
    99 | D:5      | Noticed a hound
   113 | D:5      | Noticed a scorpion
   137 | D:5      | Noticed a scorpion
   155 | D:4      | Noticed a centaur
   156 | D:4      | HP: 3/18 [centaur/arrow (15)]
   157 | D:4      | Slain by an ufetubus

Illustrated notes

Levels and vault maps discovered:
D:4:      layout_rooms, nicolae_uskayaw_suspiria, minmay_temple_entry_fiery,
          nicolae_half_adder, uniq_edmund
D:5:      layout_loops_ring, chequers_temple_overflow_minitemple, uniq_duvessa,
          uniq_grinder

Action                     || total
---------------------------++-------
  Melee: Short sword       ||    15
    Use: Scroll            ||     1
         Potion            ||     1
   Stab: Sleeping          ||     1
 Armour: Leather armour    ||     5
  Dodge: Dodged            ||     9

Table legend: (Time is in decaauts)
 A = Elapsed time spent in this place.
 B = Non-inter-level travel time spent in this place.
 C = Inter-level travel time spent in this place.
 D = Time resting spent in this place.
 E = Time spent auto-exploring this place.
 F = Levels seen in this place.
 G = Mean time per level.
                   A        B        C        D        E       F      G
               +--------+--------+--------+--------+--------+-----+--------+
         Total |    141 |    141 |      0 |      0 |      0 |   2 |   70.5 |
       Dungeon |    141 |    141 |      0 |      0 |      0 |   2 |   70.5 |
               +--------+--------+--------+--------+--------+-----+--------+

Top non-repeatable levels by time:
     D:5: 140 daAuts
     D:4: 1 daAuts

Table legend:
 A = Kills in this place as a percentage of kills in entire the game.
 B = Kills by you in this place as a percentage of kills by you in the entire game.
 C = Kills by friends in this place as a percentage of kills by friends in the entire game.
 D = Other kills in this place as a percentage of other kills in the entire game.
 E = Experience gained in this place as a percentage of experience gained in the entire game.
 F = Experience gained in this place divided by the number of levels of this place that you have seen.
                   A       B       C       D       E      F
               +-------+-------+-------+-------+-------+----------------------
         Total | 100.0 | 100.0 |   N/A |   N/A | 100.0 |   3.0
       Dungeon | 100.0 | 100.0 |   N/A |   N/A | 100.0 |   3.0
               +-------+-------+-------+-------+-------+----------------------
